 Dungeon Crawl Stone Soup version 0.30-a0-385-gfebfb9b408 (webtiles) character file.

Game seed: 6480052065447086593

14741 Midn8 the Fighter (level 11, -7/95 HPs)
             Began as a Green Draconian Earth Elementalist on Dec 2, 2022.
             Was a High Priest of Vehumet.
             Mangled by a minotaur
             ... wielding a +0 lajatang of electrocution
              (25 damage)
             ... in a Gauntlet.
             The game lasted 00:48:28 (14669 turns).

Midn8 the Fighter (DrEE)                           Turns: 14669, Time: 00:48:29

Health: -7/95      AC: 11    Str: 14    XL:     11   Next: 92%
Magic:  2/23       EV: 14    Int: 19    God:    Vehumet [*****.]
Gold:   553        SH:  0    Dex: 18    Spells: 2/26 levels left

rFire   . . .      SeeInvis .    B - +8 dagger of Truncation {vamp, Dex+6}
rCold   . . .      Faith    .    u - orb {light}
rNeg    . . .      Spirit   .    (body armour unavailable)
rPois   +          Reflect  .    (helmet restricted)
rElec   .          Harm     .    (no cloak)
rCorr   .          Rampage  .    k - +1 pair of gloves {Str+3}
Will    .....      NoTele   +    K - +1 pair of boots
Stlth   +.........               E - amulet of the acrobat
HPRegen 0.35/turn                (no ring)
MPRegen 0.18/turn                (no ring)

@: short of breath, very slightly contaminated, glowing, studying Staves
A: breathe noxious fumes, AC +7, unfitting armour, poison resistance,
cold-blooded
a: Breathe Noxious Fumes, Renounce Religion


You were in a Gauntlet.
You worshipped Vehumet.
Vehumet was extremely pleased with you.
You visited 1 branch of the dungeon, and saw 11 of its levels.
You also visited: Bailey and Gauntlet.

You collected 634 gold pieces.
You spent 81 gold pieces at shops.

Inventory:

Hand Weapons
 c - a +1 dagger of draining
 v - a +4 rapier of speed
 B - the +8 dagger of Truncation (weapon) {vamp, Dex+6}
   (You found it on level 6 of the Dungeon)

   It occasionally heals its wielder for a portion of the damage dealt when it
   wounds a living foe.
   Dex:       It affects your dexterity (+6).
Missiles
 f - 3 curare-tipped darts
 s - 21 poisoned darts
 H - a throwing net
Armour
 k - a +1 pair of gloves of strength (worn)
 u - an orb of light (worn)
 F - a +0 buckler
 K - a +1 pair of boots (worn)
Jewellery
 d - a ring of ice
 x - an amulet of guardian spirit
 D - a ring of see invisible
 E - an amulet of the acrobat (around neck)
 L - a ring of ice
Wands
 m - a wand of acid (7)
 o - a wand of polymorph (4)
 q - a wand of roots (9)
 y - a wand of flame (42)
 C - a wand of digging (3)
 G - a wand of charming (4)
Scrolls
 b - 2 scrolls of teleportation
 e - 5 scrolls of poison
 p - 2 scrolls of enchant weapon
 t - 3 scrolls of blinking
 w - a scroll of fear
 M - a scroll of identify
 O - a scroll of summoning {unknown}
Potions
 a - 3 potions of magic
 g - 7 potions of curing
 h - 3 potions of heal wounds
 i - 2 potions of might
 j - 2 potions of attraction
 l - 3 potions of resistance
 n - 2 potions of invisibility
 r - a potion of cancellation
 z - 4 potions of haste
 A - 2 potions of lignification
 I - a potion of brilliance {unknown}
 J - a potion of flight {unknown}
 N - a potion of ambrosia {unknown}
Miscellaneous
 P - a piece from Xom's chessboard (15/15)


   Skills:
 + Level 8.3 Fighting
 - Level 6.0 Short Blades
 - Level 5.0 Dodging
 - Level 1.7 Stealth
 - Level 8.0 Spellcasting
 - Level 7.0 Conjurations
 - Level 4.0 Transmutations
 - Level 5.0 Ice Magic
 - Level 5.0 Air Magic
 - Level 8.0 Earth Magic
 - Level 4.0 Evocations


You had 2 spell levels left.
You knew the following spells:

 Your Spells              Type           Power      Damage    Failure   Level
a - Sandblast             Erth           76%        2d16      1%          1
b - Iskenderun's Battles  Conj           34%        2d9       4%          5
d - Lee's Rapid Deconstr  Erth           19%        3d11*     2%          5
f - Freezing Cloud        Conj/Ice/Air   14%        6-21      7%          5
g - Ignite Poison         Fire/Tmut/Pois 12%        N/A       4%          3
p - Passwall              Tmut/Erth      25%        N/A       1%          2
s - Stone Arrow           Conj/Erth      72%        3d11      1%          3

Your spell library contained the following spells:

 Spells                   Type           Power      Damage    Failure   Level
 Eringya's Noxious Bog    Tmut/Pois      7%         N/A       80%         6
 Freeze                   Ice            100%       1d10      1%          1
 Ensorcelled Hibernation  Hex/Ice        34%        N/A       4%          2
 Frozen Ramparts          Ice            52%        1d8       1%          3
 Hailstorm                Conj/Ice       30%        3d8       1%          3
 Swiftness                Air            26%        N/A       3%          3
 Kindle Blastsparks       Fire/Tloc/Air  26%        2d12      4%          3
 Petrify                  Tmut/Erth      30%        N/A       8%          4
 Leda's Liquefaction      Hex/Erth       11%        N/A       17%         4
 Statue Form              Tmut/Erth      20%        N/A       75%         6


Dungeon Overview and Level Annotations

Branches:
Dungeon (11/15)            Temple (0/1) D:5            Lair (0/5) D:11
 Bailey (visited)         Gauntlet (1/1)
    Orc: D:9-12

Altars:
Ashenzari
Dithmenos
Elyvilon
Gozag
Kikubaaqudgha
Makhleb
Okawaru
Qazlal
Ru
Sif Muna
Trog
Uskayaw
Vehumet
Wu Jian
The Shining One

Shops:
D:1 ?   D:5 *   D:10 (   D:11 (

Annotations:
D:5 3 runed translucent doors, Menkaure; baller8008's ghost, novice DjCj
D:7 2 transporters, baller8008's ghost, novice DEEE Gauntlet 11 transporters, 3 runed translucent doors


Innate Abilities, Weirdness & Mutations

You can breathe blasts of noxious fumes.
Your lurid green scales are hard. (AC +7)
You cannot fit into any form of body armour.
Your system is resistant to poisons. (rPois)
You are cold-blooded and may be slowed by cold attacks.


Message History

The minotaur gores you but does no damage.
Casting: Stone Arrow (safe; 1% risk of failure)
Confirm with . or Enter, or press ? or * to list all spells.
Aiming: Stone Arrow (safe; 1% risk of failure)
Press: ? - help, Shift-Dir - straight line The stone arrow hits the minotaur!
The minotaur is severely wounded.
The minotaur closely misses you. x2
Casting: Stone Arrow (safe; 1% risk of failure)
Confirm with . or Enter, or press ? or * to list all spells.
Aiming: Stone Arrow (safe; 1% risk of failure)
Press: ? - help, Shift-Dir - straight line The stone arrow hits the minotaur.
The minotaur is severely wounded.
The minotaur hits you with a +0 lajatang of electrocution!!
The minotaur misses you.
Aiming: Breathe Noxious Fumes (3% risk of failure)
Press: ? - help, Shift-Dir - straight line You exhale a blast of noxious fumes.
The blast of choking fumes engulfs the minotaur.
The minotaur is severely wounded.
The minotaur is engulfed in noxious fumes.
The minotaur hits you with a +0 lajatang of electrocution!!!
* * * LOW HITPOINT WARNING * * *
The minotaur gores you but does no damage.
Unknown command.
You feel much better.
The minotaur is engulfed in noxious fumes.
The minotaur hits you with a +0 lajatang of electrocution!
The minotaur gores you!
* * * LOW HITPOINT WARNING * * *
Casting: Stone Arrow (safe; 1% risk of failure)
Confirm with . or Enter, or press ? or * to list all spells.
Aiming: Stone Arrow (safe; 1% risk of failure)
Press: ? - help, Shift-Dir - straight line The stone arrow hits the minotaur!
The minotaur is almost dead.
The minotaur is engulfed in noxious fumes.
The minotaur hits you with a +0 lajatang of electrocution!!
You die...

#.⌠.#.8.#.######....#
#.8.#.©.#.# ####.#
#...#.8.#.# ..#.#
#...#.©.#.# ### #.#.#
#.8.#.8.#.# #⌠. #.#.#
#.∩.#.©...# #.∩ #.#.#
#.8.#.8.#.# #⌠. #.#.#
#...#.©.#.# #.##...#
#...#.8.#.# #.H@.#.#
#.8.#.©.#.# #..####.#
#.⌠.#.8.#.###### ..#
#.8.#...#......# ###
#...#...########
#...#≈≈≈# #..###≈##
#.## ## #.≈##


You could see a minotaur.

Vanquished Creatures
  A boulder beetle (D:8)
  2 two-headed ogres
  Pikel (D:7)
  A cyclops (D:11)
  Joseph (D:7)
  An elephant (D:11)
  Psyche (D:8)
  A komodo dragon (D:10)
  7 trolls
  Prince Ribbit (D:9)
  Grinder (D:6)
  3 shadows (D:10)
  A wraith (D:11)
  14 yaks
  A basilisk (D:11)
  A wyvern (D:9)
  Eustachio (D:4)
  A vampire mosquito (D:10)
  A steam dragon (D:9)
  Edmund (D:4)
  An acid dragon (D:9)
  2 ice beasts (D:7)
  19 orc warriors
  A sky beast (D:8)
  7 centaurs
  2 kobold brigands
  Blork the orc (D:5)
  A gnoll sergeant (D:7)
  A necrophage (D:6)
  3 scorpions
  4 wights
  6 killer bees
  An electric eel (D:10)
  6 howler monkeys
  6 hounds
  4 jellies
  11 orc priests
  2 gnoll boudas
  Ijyb (D:3)
  Natasha (thrice) (D:2)
  2 iguanas
  13 orc wizards
  22 gnolls
  8 adders
  3 shadow imps
  A white imp (Gauntlet)
  An ufetubus (D:4)
  3 worms (D:2)
  2 dart slugs
  54 orcs
  A bat (D:3)
  5 endoplasms
  3 giant cockroaches
  25 goblins
  17 hobgoblins
  6 jackals (D:2)
  5 quokkas
  7 ball pythons
  4 frilled lizards
  A goblin skeleton (D:5)
  A hobgoblin zombie (D:5)
  13 kobolds
  A kobold skeleton (D:5)
  A kobold zombie (D:5)
  2 orc skeletons (D:5)
  An orc zombie (D:5)
  5 rats
331 creatures vanquished.

Vanquished Creatures (others)
  5 fungi (D:11)
  21 plants
26 creatures vanquished.

Grand Total: 357 creatures vanquished

Notes
Turn   | Place    | Note
-------+----------+-------------------------------------------
     0 | D:1      | Midn8 the Draconian Earth Elementalist began the quest for
                  | the Orb.
     0 | D:1      | Reached XP level 1. HP: 14/14 MP: 3/3
   527 | D:1      | Found a faded altar of an unknown god.
   535 | D:1      | Reached XP level 2. HP: 20/20 MP: 1/5
   943 | D:1      | Found Hoefehuf's Magic Scroll Boutique.
  1449 | D:2      | Reached XP level 3. HP: 26/26 MP: 3/7
  1769 | D:2      | Noticed Natasha
  1794 | D:2      | Killed Natasha
  1795 | D:2      | Reached skill level 1 in Short Blades
  1795 | D:2      | Reached XP level 4. HP: 26/33 MP: 0/10
  1936 | D:2      | Noticed Natasha
  1941 | D:2      | Killed Natasha
  1982 | D:2      | Noticed Natasha
  1988 | D:2      | Killed Natasha
  1989 | D:2      | Reached XP level 5. HP: 20/38 MP: 5/11
  2278 | D:3      | Found a shadowy altar of Dithmenos.
  2292 | D:3      | Reached skill level 1 in Fighting
  2316 | D:3      | Learned a level 3 spell: Stone Arrow
  2392 | D:2      | Reached skill level 1 in Conjurations
  2677 | D:3      | Reached XP level 6. HP: 34/48 MP: 7/12
  2818 | D:3      | Found an ornate altar of the Wu Jian Council.
  2855 | D:3      | Noticed Ijyb
  2898 | D:3      | Killed Ijyb
  2949 | D:3      | Found a burning altar of Makhleb.
  2951 | D:3      | Found an ancient bone altar of Kikubaaqudgha.
  3908 | D:4      | Noticed Sigmund
  3910 | D:4      | Sigmund changed into Sigmund the howler monkey
  3910 | D:4      | Noticed Sigmund
  3919 | D:4      | Killed Sigmund the howler monkey
  4022 | D:4      | Found a radiant altar of Vehumet.
  4030 | D:4      | Became a worshipper of Vehumet
  4271 | D:4      | Noticed Edmund
  4288 | D:4      | Killed Edmund
  4420 | D:5      | Entered Level 5 of the Dungeon
  4420 | D:5      | Found Ezaism's Assorted Antiques.
  4423 | D:5      | Your scales start taking on a lurid green colour.
  4423 | D:5      | Reached XP level 7. HP: 55/55 MP: 8/13
  4423 | D:5      | Gained mutation: Your system is resistant to poisons.
                  | (rPois) [Green Draconian growth]
  4488 | D:5      | Bought a scroll labelled ZIGARR ULLEA for 27 gold pieces
  4488 | D:5      | Bought a scroll of identify for 54 gold pieces
  4632 | D:5      | Reached skill level 5 in Earth Magic
  4732 | D:5      | Noticed Eustachio
  4881 | D:4      | Killed Eustachio
  5045 | D:5      | Found a glowing golden altar of the Shining One.
  5083 | D:5      | Reached skill level 5 in Conjurations
  5135 | D:5      | Noticed Blork the orc
  5137 | D:5      | Found an opulent altar of Gozag.
  5143 | D:5      | Killed Blork the orc
  5209 | D:5      | Noticed Menkaure
  5230 | D:5      | Reached * piety under Vehumet
  5230 | D:5      | Offered knowledge of Shock by Vehumet.
  5587 | D:5      | Found a staircase to the Ecumenical Temple.
  5670 | D:5      | Found a runed translucent gate.
  5677 | D:5      | Found a runed translucent gate.
  5677 | D:5      | Noticed baller8008's ghost (novice DjCj)
  5678 | D:5      | Found a runed translucent gate.
  5679 | D:5      | Identified the +7 mace of Moderation {vorpal, +Blink rPois
                  | rF++}
  5679 | D:5      | Identified the +8 chain mail "Fote" {rC+ Int+3}
  5716 | D:5      | Reached XP level 8. HP: 63/63 MP: 10/14
  6065 | D:6      | Noticed Grinder
  6078 | D:6      | Killed Grinder
  6079 | D:6      | Reached skill level 5 in Fighting
  6276 | D:6      | Found a shimmering blue altar of Sif Muna.
  6330 | D:6      | Reached skill level 1 in Evocations
  6796 | D:6      | Found a white marble altar of Elyvilon.
  6849 | D:6      | Identified the +8 dagger of Truncation {vamp, Dex+6}
  6867 | D:6      | Found a hide-covered altar of Uskayaw.
  7152 | D:7      | Noticed baller8008's ghost (novice DEEE)
  7165 | D:7      | Noticed Pikel
  7171 | D:7      | Killed Pikel
  7172 | D:7      | Reached XP level 9. HP: 75/75 MP: 3/16
  7270 | D:7      | Found a transporter.
  7275 | D:7      | Found a transporter.
  7276 | D:7      | Identified the +7 dire flail "Beasyfat" {antimagic, rCorr}
  7276 | D:7      | Noticed a two-headed ogre
  7379 | D:7      | Reached skill level 5 in Spellcasting
  7510 | D:7      | Found an iron altar of Okawaru.
  7576 | D:7      | Offered knowledge of Foxfire by Vehumet.
  7577 | D:7      | Reached ** piety under Vehumet
  7899 | D:7      | Noticed Joseph
  7906 | D:7      | Killed Joseph
  7907 | D:7      | Reached skill level 5 in Short Blades
  8885 | D:8      | Reached XP level 10. HP: 67/75 MP: 12/20
  8911 | D:8      | Found a flagged portal.
  8916 | Bailey   | Entered a bailey
  9070 | Bailey   | Offered knowledge of Momentum Strike by Vehumet.
  9160 | Bailey   | Reached *** piety under Vehumet
  9525 | Bailey   | Offered knowledge of Ignite Poison by Vehumet.
  9621 | Bailey   | Learned a level 3 spell: Ignite Poison
  9626 | Bailey   | Noticed an orc warlord
  9743 | D:8      | Found a broken altar of Ashenzari.
  9875 | D:8      | Found a sacrificial altar of Ru.
  9921 | D:8      | Noticed Psyche
  9925 | D:8      | Killed Psyche
 10013 | D:8      | Reached **** piety under Vehumet
 10133 | D:8      | Offered knowledge of Iskenderun's Battlesphere by Vehumet.
 10140 | D:8      | Learned a level 5 spell: Iskenderun's Battlesphere
 10472 | D:8      | Noticed a boulder beetle
 10509 | D:8      | Reached skill level 5 in Dodging
 10561 | D:8      | Killed a boulder beetle
 11302 | D:9      | Noticed Prince Ribbit
 11312 | D:9      | Killed Prince Ribbit
 11967 | D:9      | Noticed a two-headed ogre
 11979 | D:9      | Killed a two-headed ogre
 11980 | D:9      | Reached XP level 11. HP: 89/89 MP: 10/23
 12051 | D:9      | Learned a level 2 spell: Passwall
 12057 | D:9      | Learned a level 5 spell: Freezing Cloud
 12396 | D:9      | Found a bloodstained altar of Trog.
 12569 | D:10     | Entered Level 10 of the Dungeon
 12683 | D:10     | Found a stormy altar of Qazlal.
 12706 | D:10     | Reached skill level 1 in Ice Magic
 12706 | D:10     | Reached skill level 1 in Air Magic
 13052 | D:10     | Found Waypnowe's Antique Weapon Emporium.
 13298 | D:10     | Noticed a two-headed ogre
 13302 | D:10     | Killed a two-headed ogre
 13804 | D:11     | Learned a level 5 spell: Lee's Rapid Deconstruction
 14020 | D:11     | Reached skill level 5 in Ice Magic
 14020 | D:11     | Reached skill level 5 in Air Magic
 14068 | D:11     | Found Unyotu Umnos's Weapon Shoppe.
 14124 | D:11     | Found a staircase to the Lair.
 14162 | D:10     | Reached ***** piety under Vehumet
 14175 | D:11     | Offered knowledge of Eringya's Noxious Bog by Vehumet.
 14295 | D:11     | Found a gate leading to a gauntlet.
 14301 | Gauntlet | Entered a Gauntlet
 14301 | Gauntlet | Found a transporter.
 14308 | Gauntlet | Found a transporter.
 14311 | Gauntlet | Found a transporter.
 14312 | Gauntlet | Found a transporter.
 14323 | Gauntlet | Found a transporter.
 14324 | Gauntlet | Found a transporter.
 14325 | Gauntlet | Found a transporter.
 14335 | Gauntlet | Found a transporter.
 14336 | Gauntlet | Found a transporter.
 14336 | Gauntlet | Found a transporter.
 14340 | Gauntlet | Found a runed translucent door.
 14342 | Gauntlet | Found a runed translucent door.
 14344 | Gauntlet | Found a transporter.
 14347 | Gauntlet | Found a transporter.
 14348 | Gauntlet | Found a transporter.
 14359 | Gauntlet | Found a transporter.
 14393 | Gauntlet | Found a runed translucent door.
 14659 | Gauntlet | Noticed a minotaur
 14669 | Gauntlet | Mangled by a minotaur

Illustrated notes

Levels and vault maps discovered:
D:1:      dpeg_arrival_circle_labyrinth_a, layout_basic,
          hellmonk_ecumenical_altar_inner_sanctum, serial_shops,
          nicolae_lakefront_shop
D:2:      layout_rooms, minmay_pentomino_x2, uniq_natasha
D:3:      layout_loops_corners, mainiacjoe_overflow_chevrons,
          nicolae_dithmenos_shadow_blocks, grunt_temple_overflow_open, uniq_ijyb
D:4:      layout_basic, vehumet_crystals, uniq_sigmund, uniq_edmund
D:5:      layout_rooms, grunt_gozag_statues, nicolae_tso_besieged_by_evil,
          minmay_temple_entry_fiery, serial_shops, shop,
          biasface_ghost_orc_armoury, nicolae_figureground_pulse,
          uniq_blork_the_orc, uniq_menkaure, uniq_eustachio
D:6:      layout_basic, lemuel_coloured_pillars_altar, marbit_many_paths,
          pf_just_have_faith, minmay_manual_mares, uniq_grinder
D:7:      layout_rooms, mainiacjoe_overflow_surrounded_room,
          gammafunk_ghost_smash, chequers_serial_rivers_large_a,
          mrwooster_statue_mirror, minmay_stone_trees_small,
          nicolae_grassy_gnolls, uniq_pikel, uniq_joseph
D:8:      corexii_shack_village, layout_rooms, amcnicky_altar_gilded,
          nicolae_ru_great_annihilating_truth, enter_bailey_3, special_room
          [special_room_orc], minmay_misc_feat_doors, minmay_three_doors,
          uniq_psyche
D:9:      kennysheep_spiral_hall, layout_basic, lightli_temple_of_fire,
          bh_walls_and_bars, uniq_prince_ribbit1
D:10:     layout_rooms, mainiacjoe_overflow_tiny_flanked, serial_shops,
          nicolae_shop_trees, serial_bayou_pond_b, minmay_curled_crystal,
          chequers_serial_rivers_small_b
D:11:     layout_roguey, david_lair_generic, minmay_orc_entry_temple_small,
          serial_shops, shop, gauntlet_entry_generic, portal_ice_cave_rime,
          nicolae_hepliaklqana_monster_ancestors
Gauntlet: gammafunk_gauntlet_77_escape_option
          [minmay_gauntlet_arena_77_two_paths,
          minmay_gauntlet_arena_77_p_blocks, minmay_gauntlet_arena_77_path,
          minmay_gauntlet_arena_77_cramped,
          minmay_gauntlet_arena_77_chump_sandwich,
          dreamdust_gauntlet_exit_labyrinth]

Skill      XL: |  1  2  3  4  5  6  7  8  9 10 11 |
---------------+----------------------------------+-----
Spellcasting   | 3 4 6 8 |  8.0
Short Blades   | 1 2 4 6 |  6.0
Earth Magic    | 4 6 7 8 |  8.0
Fighting       | 2 3 6 8 |  8.3
Conjurations   | 1 3 5 7 |  7.0
Evocations     | 4 |  4.0
Transmutations | 2 4 |  4.0
Dodging        | 5 |  5.0
Ice Magic      | 5 |  5.0
Air Magic      | 5 |  5.0
Stealth        | |  1.7

Action                   |  1- 3 |  4- 6 |  7- 9 | 10-12 || total
-------------------------+-------+-------+-------+-------++-------
Melee: Dagger            |    27 |    78 |   143 |   339 ||   587
       Tailslap          |     4 |     5 |    24 |    70 ||   103
       Punch             |       |     2 |     1 |       ||     3
 Cast: Sandblast         |    56 |    58 |    45 |    18 ||   177
       Stone Arrow       |       |     3 |    75 |   159 ||   237
       Iskenderun's Batt |       |       |       |     1 ||     1
       Lee's Rapid Decon |       |       |       |     8 ||     8
       Freezing Cloud    |       |       |       |     1 ||     1
 Abil: Breathe Noxious F |       |       |     6 |     8 ||    14
Evoke: Wand              |       |     3 |       |     7 ||    10
  Use: Scroll            |     3 |     6 |     3 |    13 ||    25
       Potion            |       |       |     1 |     1 ||     2
 Stab: Sleeping          |       |     2 |     1 |       ||     3
       Confused          |       |       |     3 |     2 ||     5
       Distracted        |       |       |       |     1 ||     1
       Paralysed         |       |       |       |     1 ||     1
Armor: Skin              |    10 |    31 |    70 |    81 ||   192
Dodge: Dodged            |    28 |    60 |   132 |   204 ||   424

Table legend: (Time is in decaauts)
 A = Elapsed time spent in this place.
 B = Non-inter-level travel time spent in this place.
 C = Inter-level travel time spent in this place.
 D = Time resting spent in this place.
 E = Time spent auto-exploring this place.
 F = Levels seen in this place.
 G = Mean time per level.
                   A        B        C        D        E       F      G
               +--------+--------+--------+--------+--------+-----+--------+
         Total |  14661 |  14292 |    369 |   5541 |   5976 |  13 | 1127.8 |
       Dungeon |  13579 |  13210 |    369 |   4928 |   5949 |  11 | 1234.5 |
        Bailey |    713 |    713 |      0 |    451 |     27 |   1 |  713.0 |
      Gauntlet |    367 |    367 |      0 |    162 |      0 |   1 |  367.0 |
               +--------+--------+--------+--------+--------+-----+--------+

Top non-repeatable levels by time:
     D:9: 1719 daAuts
     D:7: 1596 daAuts
     D:8: 1572 daAuts
     D:1: 1404 daAuts
     D:6: 1369 daAuts
     D:4: 1261 daAuts
     D:3: 1251 daAuts
     D:5: 1156 daAuts
     D:2: 892 daAuts
    D:10: 818 daAuts
  Bailey: 713 daAuts
    D:11: 536 daAuts
Gauntlet: 367 daAuts
